 Dungeon Crawl Stone Soup version 0.29.0-4-gdea44cf6ec (webtiles) character file.

Game seed: 5615534769753107325

27 qw the Chopper (level 3, 0/21 HPs)
             Began as a Tengu Warper on Aug 28, 2022.
             Slain by a gnoll
             ... wielding a +0 flail
              (5 damage)
             ... on level 2 of the Dungeon.
             The game lasted 00:00:06 (1237 turns).

qw the Chopper (Tengu Warper)                       Turns: 1237, Time: 00:00:07

Health: 0/21       AC:  3    Str: 13    XL:     3   Next: 10%
Magic:  7/7        EV: 12    Int: 13    God:
Gold:   46         SH:  0    Dex: 13    Spells: 6/6 levels left

rFire   . . .      SeeInvis .   Y - +0 hand axe
rCold   . . .      Faith    .   (no shield)
rNeg    . . .      Spirit   .   b - +0 leather armour
rPois   .          Reflect  .   (helmet restricted)
rElec   .          Harm     .   (no cloak)
rCorr   .          Rampage  .   (no gloves)
Will    .....                   (boots unavailable)
Stlth   +.........              (no amulet)
HPRegen 0.07/turn               (no ring)
MPRegen 0.10/turn               (no ring)

@: no status effects
A: beak, talons 3
a: no special abilities


You were on level 2 of the Dungeon.
You visited 1 branch of the dungeon, and saw 2 of its levels.

You collected 70 gold pieces.
You spent 24 gold pieces at shops.


Innate Abilities, Weirdness & Mutations

You have a beak for a mouth.
You have claws for feet.


   Skills:
 - Level 2.0 Fighting
 + Level 3.8 Axes
 - Level 1.0 Throwing
 - Level 1.1 Armour
 - Level 2.1 Dodging
 - Level 2.0 Spellcasting
 - Level 2.4 Translocations


You had 6 spell levels left.
You didn't know any spells.
Your spell library contained the following spells:

 Spells                   Type           Power      Damage    Failure   Level
 Blink                    Tloc           14%        N/A       19%         2
 Gell's Gravitas          Tloc           7%         N/A       36%         3
 Lesser Beckoning         Tloc           7%         N/A       36%         3
 Teleport Other           Tloc           7%         N/A       36%         3
 Manifold Assault         Tloc           7%         N/A       98%         5

Inventory:

Hand Weapons
 f - a +0 mace
 Y - a +0 hand axe (weapon)
Missiles
 e - 8 boomerangs (quivered)
Armour
 b - a +0 leather armour (worn)
Scrolls
 c - a scroll of enchant armour {unknown}
 d - a scroll of identify
 i - a scroll of fog {unknown}
Potions
 a - a potion of berserk rage {unknown}
 g - a potion of brilliance {unknown}
 h - a potion of cancellation {unknown}
 j - a potion of haste {unknown}
 l - a potion of curing

Dungeon Overview and Level Annotations

Branches:
Dungeon (2/15)

Altars:

Shops:
D:1 ?!(


Message History

Press: ? - help, Q - select action Shift-Dir - straight line, f/p - gnoll You throw a boomerang.
The boomerang barely misses the gnoll.
A gnoll comes into view. It is wielding a +0 flail.
Throw: 8 boomerangs
Press: ? - help, Q - select action Shift-Dir - straight line, f/p - gnoll You throw a boomerang.
The boomerang hits the gnoll but does no damage.
A gnoll comes into view. It is wielding a +0 club.
1228 ||| Stepping ~*~*~tactically~*~*~ (stealth).
You closely miss the gnoll. Your kick misses the gnoll.
The gnoll hits you with a +0 club.
You hit the gnoll.
The gnoll is moderately wounded.
You hit the gnoll. You claw the gnoll, but do no damage.
You peck the gnoll, but do no damage.
The gnoll is heavily wounded.
The gnoll hits you with a +0 club.
You closely miss the gnoll. Your kick misses the gnoll.
The gnoll is heavily wounded.
You hit the gnoll but do no damage. The gnoll hits you with a +0 flail.
The gnoll hits you with a +0 club.
You barely miss the gnoll. Your peck misses the gnoll.
The gnoll is heavily wounded.
You hit the gnoll. The gnoll closely misses you. x2
The gnoll shouts!
You hit the gnoll but do no damage. Your kick misses the gnoll.
The gnoll is heavily wounded.
You hit the gnoll but do no damage. The gnoll closely misses you.
The gnoll misses you.
You hit the gnoll but do no damage. Your peck misses the gnoll.
The gnoll is heavily wounded.
You hit the gnoll. The gnoll closely misses you. The gnoll barely misses you.
You hit the gnoll but do no damage. Your kick misses the gnoll.
You punch the gnoll.
The gnoll is severely wounded.
You hit the gnoll. The gnoll hits you with a +0 flail.
You die...

##...###........#
#...##.#.......#
##..#.##.......#
#.#.###.......#
#.### #########
#.# ##.##
#.####.#.##
#.......#.##
####.##.##@##
#.###.#.gg######
##)##....g....g.g
##.###.#########
##.#.## ##.## ###


You could see 3 gnolls.

Vanquished Creatures
  A dart slug (D:2)
  3 bats
  5 endoplasms
  2 goblins
  3 hobgoblins
  A jackal (D:1)
  A quokka (D:1)
  2 ball pythons (D:1)
  A frilled lizard (D:2)
  2 kobolds (D:1)
  A rat (D:1)
22 creatures vanquished.

Notes
Turn   | Place    | Note
-------+----------+-------------------------------------------
     0 | D:1      | qw the Tengu Warper began the quest for the Orb.
     0 | D:1      | Reached XP level 1. HP: 12/12 MP: 4/4
     0 | D:1      | 0 ||| qw: Version: 0.1-a-89-g26bdef1
     0 | D:1      | 0 ||| qw: Game counter: 1611
     0 | D:1      | 0 ||| qw: Always use a shield: true
     0 | D:1      | 0 ||| qw: God list: Okawaru
     0 | D:1      | 0 ||| qw: Allow faded altars: false
     0 | D:1      | 0 ||| qw: Do Orc after D:15 true
     0 | D:1      | 0 ||| qw: Do second Lair branch before Depths: true
     0 | D:1      | 0 ||| qw: Lair rune preference: random
     0 | D:1      | 0 ||| qw: Plans: Normal
     0 | D:1      | 0 ||| PLANNING D:1-11
    45 | D:1      | 45 ||| Stepping ~*~*~tactically~*~*~ (stealth).
    47 | D:1      | 47 ||| Stepping ~*~*~tactically~*~*~ (stealth).
   209 | D:1      | Found Urpholoi's Distillery.
   225 | D:1      | 225 ||| SHOPLISTING potion of curing (42 gold, have 18).
   225 | D:1      | 225 ||| SHOPLISTING potion of resistance (140 gold, have
                  | 18).
   238 | D:1      | Reached skill level 3 in Axes
   238 | D:1      | Reached XP level 2. HP: 15/17 MP: 6/6
   287 | D:1      | 287 ||| Stepping ~*~*~tactically~*~*~ (stealth).
   296 | D:1      | Found Kuecuqom's Magic Scroll Boutique.
   307 | D:1      | 307 ||| BUYING scroll of identify (24 gold).
   307 | D:1      | Bought a scroll of identify for 24 gold pieces
   307 | D:1      | 307 ||| SHOPLISTING scroll of identify (24 gold, have 3).
   307 | D:1      | 307 ||| SHOPLISTING scroll of teleportation (36 gold, have
                  | 3).
   370 | D:1      | 370 ||| Stepping ~*~*~tactically~*~*~ (stealth).
   392 | D:1      | Found a faded altar of an unknown god.
   621 | D:1      | Found Roidojip's Weapon Boutique.
   624 | D:1      | 624 ||| SHOPLISTING +3 hand axe of Quantum Leap {vorpal,
                  | *Noise rCorr Str+8 Dex+4} (753 gold, have 36).
   624 | D:1      | 624 ||| READING scroll labelled MOS JYK PAT.
   625 | D:1      | 625 ||| READING scroll labelled WUJOCI GINNATI.
   626 | D:1      | 626 ||| READING 3 scrolls labelled JIOMUL NYUL.
   627 | D:1      | 627 ||| DRINKING 2 inky potions.
   628 | D:1      | 628 ||| DROPPING scroll of blinking.
   629 | D:1      | 629 ||| DROPPING 2 scrolls of poison.
   685 | D:2      | 685 ||| Stepping ~*~*~tactically~*~*~ (hiding).
   787 | D:2      | 787 ||| Stepping ~*~*~tactically~*~*~ (hiding).
   828 | D:2      | 828 ||| FLEEEEING.
   840 | D:2      | 840 ||| FLEEEEING.
   842 | D:2      | 842 ||| STAIRDANCE
   869 | D:2      | 869 ||| Stepping ~*~*~tactically~*~*~ (hiding).
  1127 | D:2      | Reached XP level 3. HP: 21/21 MP: 7/7
  1228 | D:2      | 1228 ||| Stepping ~*~*~tactically~*~*~ (stealth).
  1233 | D:2      | HP: 4/21 [gnoll/+0 club (6)]
  1237 | D:2      | Slain by a gnoll

Levels and vault maps discovered:
D:1:      dpeg_arrival_castle, layout_rooms, ebering_ecumenical_altar_ruins,
          serial_shops, nicolae_shop_crystal, nicolae_shop_behind_doors,
          nicolae_shop_crystal, minmay_misc_feat_alley, st_stairs_9
D:2:      layout_loops_cross, item_on_display_a

Skill      XL: |  1 |
---------------+----+-----
Axes           | 3 |  3.8
Fighting       | |  2.0
Throwing       | |  1.0
Armour         | |  1.1
Dodging        | |  2.1
Spellcasting   | |  2.0
Translocations | |  2.4

Action                   || total
-------------------------++-------
Melee: Hand axe          ||    37
       Peck              ||     5
       Kick              ||     6
       Punch             ||     1
Throw: Boomerang         ||    28
  Use: Scroll            ||     3
       Potion            ||     1
Armor: Leather armour    ||     4
Dodge: Dodged            ||    16

Table legend:
 A = Non-vault XP
 B = Vault XP
 C = Vault XP percentage of total XP
 D = Non-vault monster count
 E = Vault monster count
 F = Vault count percentage of total count
                 A         B        C        D         E       F
            +---------+---------+-------+---------+---------+-------
      Total |      36 |       3 |   7.7 |      20 |       2 |   9.1
            +---------+---------+-------+---------+---------+-------
        D:1 |      19 |       3 |  13.6 |      11 |       2 |  15.4
        D:2 |      17 |       0 |   0.0 |       9 |       0 |   0.0
            +---------+---------+-------+---------+---------+-------
